 Dungeon Crawl Stone Soup version 0.21.1-1-g345015fe64 (webtiles) character file.

65 Norrik the Skirmisher (level 3, -5/37 HPs)
             Began as a Minotaur Monk on Mar 20, 2018.
             Slain by a gnoll
             ... wielding a +2 halberd of chopping
              (14 damage)
             ... on level 2 of the Dungeon.
             The game lasted 00:04:20 (1162 turns).

Norrik the Skirmisher (Minotaur Monk)               Turns: 1162, Time: 00:04:21

Health: -5/37      AC:  3    Str: 15    XL:     3   Next: 94%
Magic:  2/2        EV: 12    Int:  8    God:
Gold:   95         SH:  0    Dex: 12    Spells: 0/2 levels left

rFire    . . .     SeeInvis .   a - +0 spear
rCold    . . .     Gourm    .   (no shield)
rNeg     . . .     Faith    .   e - +0 leather armour
rPois    .         Spirit   .   (helmet restricted)
rElec    .         Reflect  .   (no cloak)
rCorr    .         Harm     .   (no gloves)
MR       .....                  (no boots)
Stlth    +.........             (no amulet)
HPRegen  0.12/turn              (no ring)
MPRegen  0.08/turn              (no ring)

@: no status effects
A: retaliatory headbutt, horns 2
a: no special abilities


You were on level 2 of the Dungeon.
You were not hungry.

You visited 1 branch of the dungeon, and saw 2 of its levels.

You collected 95 gold pieces.

Inventory:

Hand Weapons
 a - a +0 spear (weapon)
Missiles
 i - 45 stones (quivered)
 k - 7 needles of confusion
 m - 29 arrows
 p - 16 bolts
Armour
 b - a +0 robe
 e - a +0 leather armour (worn)
Scrolls
 g - 2 scrolls of enchant armour {unknown}
 l - 4 scrolls of remove curse {unknown}
 o - a scroll of fear {unknown}
Potions
 d - a potion of heal wounds {unknown}
 f - a potion of agility {unknown}
 h - a potion of curing {unknown}
 j - a potion of brilliance {unknown}
Books
 n - a book of Minor Magic

   Spells                             Type                      Level
   a - Magic Dart                     Conjuration                  1
   b - Blink                          Translocation                2
   c - Call Imp                       Summoning                    2
   d - Slow                           Hexes                        2
   e - Conjure Flame                  Conjuration/Fire             3
   f - Mephitic Cloud                 Conjuration/Poison/Air       3
Comestibles
 c - a ration


   Skills:
 + Level 5.9 Fighting
 - Level 3.6 Polearms
 - Level 3.2 Dodging
 - Level 1.5 Stealth


You couldn't memorise any spells.
You knew the following spells:

 Your Spells              Type           Power        Failure   Level  Hunger
a - Blink                 Tloc           N/A          63%         2    ###....


Dungeon Overview and Level Annotations

Branches:
Dungeon (2/15)

Altars:
Ashenzari

Annotations:
D:2 Sigmund


Innate Abilities, Weirdness & Mutations

You reflexively headbutt those who attack you in melee.
You have a pair of horns on your head.


Message History

You headbutt the gnoll, but do no damage.
You barely miss the gnoll. The gnoll hits you but does no damage.
You closely miss the gnoll. The gnoll barely misses you.
The gnoll hits you from afar with a spear!
You hit the gnoll. Your headbutt misses the gnoll.
The gnoll is lightly wounded.
The gnoll barely misses you. You furiously retaliate!
You headbutt the gnoll. You hit the gnoll but do no damage.
The gnoll is moderately wounded.
The gnoll hits you from afar with a spear!
* * * LOW HITPOINT WARNING * * *
The gnoll hits you but does no damage.
You hit the gnoll but do no damage.
The gnoll is moderately wounded.
The gnoll misses you.
You hit the gnoll.
You headbutt the gnoll, but do no damage.
The gnoll is heavily wounded.
The gnoll hits you with a halberd of chopping!
You die...

#.# #.# ..# ..######
......... ### .........
.g# ...####.# #g# ...#
#.# .# #g# ...# #.# #.#
#@# #..# #.# #.#
#†###########
#..####.####.#
#.#.........######
#............#
#.#.####..........
##.####.####.#
#....###.##.###### #.#
#...###.###.....##.##.#
# #.#
#................#.##.#
# #.#
#...###............##.#
# #.# #####
#####....######.# #


You could see 3 gnolls.

Vanquished Creatures
  2 adders (D:2)
  An ooze (D:1)
  2 leopard geckos
  A ball python (D:1)
  A giant cockroach (D:1)
  A goblin (D:1)
  6 hobgoblins
  2 jackals (D:1)
  A quokka (D:2)
  4 bats
  5 frilled lizards
  6 kobolds
  A leopard gecko zombie (D:2)
  11 rats
44 creatures vanquished.

Notes
Turn   | Place    | Note
-------+----------+-------------------------------------------
     0 | D:1      | Norrik the Minotaur Monk began the quest for the Orb.
     0 | D:1      | Reached XP level 1. HP: 19/19 MP: 0/0
   103 | D:1      | Reached skill level 4 in Fighting
   165 | D:1      | Reached XP level 2. HP: 28/28 MP: 1/1
   223 | D:1      | Found a shattered altar of Ashenzari.
   303 | D:1      | Reached skill level 5 in Fighting
   425 | D:1      | Reached XP level 3. HP: 35/36 MP: 2/2
   803 | D:2      | Noticed Sigmund
  1128 | D:2      | Learned a level 2 spell: Blink
  1162 | D:2      | Slain by a gnoll

Skill      XL: |  1  2 |
---------------+-------+-----
Fighting       | 4 5 |  5.9
Polearms       | |  3.6
Dodging        | |  3.2
Stealth        | |  1.5

Action                   || total
-------------------------++-------
Melee: Spear             ||   115
       Headbutt          ||    13
 Stab: Sleeping          ||     2
  Eat: Chunk             ||     1
Armor: Leather armour    ||    13
Dodge: Dodged            ||    68
